 Dungeon Crawl Stone Soup version 0.29.1-1-gd02db6906a (webtiles) character file.

Game seed: 3813969741121360750

935 hawla the Destroyer (level 7, -2/51 HPs)
             Began as a Black Draconian Conjurer on Sept 16, 2022.
             Was an Initiate of Vehumet.
             Slain by a gnoll bouda
             ... wielding a +0 whip
              (3 damage)
             ... on level 5 of the Dungeon.
             The game lasted 00:16:08 (5779 turns).

hawla the Destroyer (Black Draconian Conjurer)      Turns: 5779, Time: 00:16:08

Health: -2/51      AC:  7    Str: 21    XL:     7   Next: 87%
Magic:  3/10       EV: 12    Int: 21    God:    Vehumet [......]
Gold:   290        SH:  0    Dex:  9    Spells: 3/10 levels left

rFire   . . .      SeeInvis .   (no weapon)
rCold   . . .      Faith    .   (no shield)
rNeg    . . .      Spirit   .   (body armour unavailable)
rPois   .          Reflect  .   (helmet restricted)
rElec   +          Harm     .   (no cloak)
rCorr   .          Rampage  .   (no gloves)
Will    .....                   f - +0 pair of boots
Stlth   ++........              (no amulet)
HPRegen 0.17/turn               h - +6 ring of strength
MPRegen 0.12/turn               j - +6 ring of strength

@: weakened
A: breathe lightning, AC +6, unfitting armour, electricity resistance,
cold-blooded
a: Breathe Lightning, Renounce Religion


You were on level 5 of the Dungeon.
You worshipped Vehumet.
Vehumet was noncommittal.
You visited 2 branches of the dungeon, and saw 7 of its levels.

You collected 290 gold pieces.

Inventory:

Missiles
 c - 4 boomerangs
 d - 3 poisoned darts
 g - 9 atropa-tipped darts
 u - 7 javelins
Armour
 f - a +0 pair of boots (worn)
Jewellery
 h - a +6 ring of strength (left hand)
 j - a +6 ring of strength (right hand)
 m - an amulet of magic regeneration
Wands
 n - a wand of roots (8)
 o - a wand of polymorph (11)
 p - a wand of mindburst (26)
Scrolls
 a - 3 scrolls of teleportation
 b - 2 scrolls of brand weapon
 r - a scroll of enchant armour {unknown}
Potions
 e - a potion of haste
 i - 3 potions of heal wounds {unknown}
 k - a potion of flight
 l - 2 potions of invisibility
 q - 3 potions of curing
 s - a potion of berserk rage
 t - a potion of brilliance


   Skills:
 - Level 0.4 Fighting
 - Level 2.0 Dodging
 - Level 2.0 Stealth
 - Level 2.4 Spellcasting
 * Level 8.9 Conjurations
 * Level 3.4 Translocations


You had 3 spell levels left.
You knew the following spells:

 Your Spells              Type           Power      Damage    Failure   Level
a - Magic Dart            Conj           100%       1d8       1%          1
b - Searing Ray           Conj           78%        2d7       1%          2
c - Iskenderun's Mystic   Conj/Tloc      28%        2d7       11%         4

Your spell library contained the following spells:

 Spells                   Type           Power      Damage    Failure   Level
 Dazzling Flash           Conj/Hex       42%        N/A       7%          3
 Fulminant Prism          Conj/Hex       10%        3d9       22%         4
 Starburst                Conj/Fire      10%        6d5       98%         6


Dungeon Overview and Level Annotations

Branches:
Dungeon (6/15)             Temple (1/1) D:4

Altars:
Ashenzari
Cheibriados
Dithmenos
Elyvilon
Gozag
Hepliaklqana
Makhleb
Nemelex Xobeh
Okawaru
Ru
Sif Muna
Trog
Uskayaw
Vehumet
Wu Jian
Xom
Zin
The Shining One

Annotations:
D:2 1 runed translucent door, Crazy Yiuf


Innate Abilities, Weirdness & Mutations

You can breathe wild blasts of lightning.
Your glossy black scales are hard. (AC +6)
You cannot fit into any form of body armour.
You are resistant to electric shocks. (rElec)
You are cold-blooded and may be slowed by cold attacks.


Message History

The gnoll bouda attacks as you move away!
The gnoll bouda hits you but does no damage.
The orc misses you.
There is a stone staircase leading up, spattered with blood here.
The gnoll bouda utters an invocation to its god.
The gnoll bouda is healed somewhat.
The orc closely misses you.
You climb upwards.
Reactivating autopickup.
There is a stone staircase leading down here.
Casting: Searing Ray (safe; 1% risk of failure)
Confirm with . or Enter, or press ? or * to list all spells.
You don't have enough magic to cast this spell.
Okay, then.
The orc hits you with a +0 flail.
The gnoll bouda attacks as you move away!
The gnoll bouda barely misses you.
The gnoll bouda gazes fiercely through you!
You feel your attacks grow feeble.
The gnoll bouda attacks as you move away!
The gnoll bouda completely misses you.
The gnoll bouda gazes fiercely through you!
You feel as though you will be weak longer.
The orc attacks as you move away! The orc hits you with a +0 flail.
The gnoll bouda attacks as you move away!
The gnoll bouda hits you with a +0 whip.
The orc attacks as you move away! The orc barely misses you.
The gnoll bouda attacks as you move away!
The gnoll bouda hits you with a +0 whip.
You are too injured to fight recklessly!
You are too injured to fight recklessly!
You barely miss the gnoll bouda.
The gnoll bouda is moderately wounded.
The gnoll bouda hits you with a +0 whip!
* * * LOW HITPOINT WARNING * * *
The orc hits you with a +0 flail!
* * * LOW HITPOINT WARNING * * *
You barely miss the gnoll bouda.
The gnoll bouda is moderately wounded.
The gnoll bouda hits you with a +0 whip.
You die...

#...# ###....#..###..#.####.#
#...# #.........#........##.#
#...# #.........#.#....#.##.#
#...###.........#.#....#.##.#
#.............#.#.#....#.##.#
......###..............#.##.#
....#..####.###........#.##.#####
.#####.........o#................
.........>.....g@..#####.##.##..#
.###########...###.# #.##.##...
.###### #.+...+.#+#####.##.##...
.##...####.#...#.........##.##.#.
......+......###.................
.##...###....# #.........##.###..
.....#.......# #.........##.# #..
.###<#..#....###.........##.###..
.#.###..#.....)..........##.#....


You could see a gnoll bouda and an orc.

Vanquished Creatures
  Sigmund (D:3)
  A water moccasin (D:5)
  2 phantoms (D:5)
  Blork the orc (D:4)
  A necrophage (D:6)
  3 hounds (D:5)
  2 orc priests (D:5)
  Natasha (thrice) (D:3)
  4 gnolls (D:6)
  6 adders
  2 worms
  7 orcs
  8 endoplasms
  3 goblins
  7 hobgoblins
  4 jackals (D:2)
  6 quokkas
  9 ball pythons
  6 bats
  6 frilled lizards
  3 kobolds
  9 rats
94 creatures vanquished.

Vanquished Creatures (others)
  9 plants (D:1)
9 creatures vanquished.

Grand Total: 103 creatures vanquished

Notes
Turn   | Place    | Note
-------+----------+-------------------------------------------
     0 | D:1      | hawla the Draconian Conjurer began the quest for the Orb.
     0 | D:1      | Reached XP level 1. HP: 14/14 MP: 3/3
   352 | D:1      | Reached XP level 2. HP: 20/20 MP: 3/5
   374 | D:1      | Found a faded altar of an unknown god.
   434 | D:1      | Learned a level 2 spell: Searing Ray
  1228 | D:2      | Reached XP level 3. HP: 26/26 MP: 2/6
  1503 | D:2      | Reached skill level 5 in Conjurations
  1717 | D:2      | Reached XP level 4. HP: 34/34 MP: 2/7
  1722 | D:2      | Learned a level 4 spell: Iskenderun's Mystic Blast
  1896 | D:2      | Found a runed translucent door.
  1897 | D:2      | Noticed Crazy Yiuf
  2125 | D:3      | Noticed Natasha
  2133 | D:3      | Killed Natasha
  2160 | D:3      | Noticed Natasha
  2163 | D:3      | Killed Natasha
  2293 | D:3      | Reached skill level 1 in Translocations
  2293 | D:3      | Reached XP level 5. HP: 39/39 MP: 2/8
  2636 | D:3      | Noticed Natasha
  2643 | D:3      | Killed Natasha
  2935 | D:3      | Noticed Sigmund
  2941 | D:3      | Killed Sigmund
  2942 | D:3      | Reached skill level 6 in Conjurations
  2942 | D:3      | Reached XP level 6. HP: 46/46 MP: 0/9
  3432 | D:4      | Found a staircase to the Ecumenical Temple.
  3473 | Temple   | Entered the Ecumenical Temple
  3668 | Temple   | Became a worshipper of Vehumet
  4186 | D:4      | Noticed Blork the orc
  4192 | D:4      | Killed Blork the orc
  4193 | D:4      | Reached skill level 7 in Conjurations
  4445 | D:5      | Entered Level 5 of the Dungeon
  4511 | D:5      | Noticed a water moccasin
  4516 | D:5      | Killed a water moccasin
  4517 | D:5      | Your scales start taking on a glossy black colour.
  4517 | D:5      | Reached XP level 7. HP: 42/51 MP: 3/10
  4517 | D:5      | Gained mutation: You are resistant to electric shocks.
                  | (rElec) [Black Draconian growth]
  4692 | D:5      | Found a sparkling altar of Nemelex Xobeh.
  4778 | D:5      | Reached skill level 8 in Conjurations
  5418 | D:5      | Found a snail-covered altar of Cheibriados.
  5778 | D:5      | HP: 1/51 [orc/+0 flail (8)]
  5779 | D:5      | Slain by a gnoll bouda

Illustrated notes

Levels and vault maps discovered:
D:1:      minmay_arrival_four_houses, layout_rooms,
          hellmonk_ecumenical_altar_pennies_from_heaven, wad_woods_river_04
D:2:      layout_basic, uniq_crazy_yiuf_cottage
D:3:      layout_basic, uniq_sigmund, uniq_natasha
D:4:      layout_basic, minmay_temple_entry_statues_fountains,
          uniq_blork_the_orc
D:5:      layout_basic, mainiacjoe_overflow_paths, general_overflow_altar
D:6:      layout_rooms, minmay_crystal_room, kennysheep_generic_room_13
Temple:   nicolae_temple_slightly_damp_pantheon

Skill      XL: |  1  2  3  4  5  6  7 |
---------------+----------------------+-----
Dodging        | 2 |  2.0
Stealth        | 2 |  2.0
Conjurations   | 5 6 7 8 |  8.9
Translocations | 1 2 3 |  3.4
Fighting       | |  0.4
Spellcasting   | |  2.4

Action                   |  1- 3 |  4- 6 |  7- 9 || total
-------------------------+-------+-------+-------++-------
Melee: Unarmed           |    44 |    28 |    10 ||    82
       Tailslap          |    10 |     5 |     2 ||    17
 Cast: Magic Dart        |    38 |    28 |     5 ||    71
       Searing Ray       |    13 |    20 |    10 ||    43
       Iskenderun's Myst |       |       |     6 ||     6
  Use: Scroll            |     3 |     6 |     2 ||    11
       Potion            |     3 |     1 |       ||     4
Armor: Skin              |    28 |     9 |     4 ||    41
Dodge: Dodged            |    62 |    14 |    20 ||    96
